NCAA
FLORIDA GATORS @ WAKE FOREST DEMON DEACONS
05/07/2028
 
TOP OF THE 1ST
Florida Gators batting - Pitching for Wake Forest Demon Deacons : RHP Lloyd Jones
Pitching: RHP Lloyd Jones
Batting: RHB Norman Hopkins 0-0: Ball
1-0: Called Strike
1-1: Fly out, F6 (Popup, 56D)
Batting: LHB Bruce Shelton 0-0: Called Strike
0-1: Swinging Strike
0-2: Strikes out looking
Batting: RHB Luis Morales 0-0: Foul Ball, location: 2F
0-1: Swinging Strike
0-2: Foul Ball, location: 2F
0-2: Ground out 6-3 (Groundball, 56)
Top of the 1st over - 0 run(s), 0 hit(s), 0 error(s), 0 left on base; Florida 0 - Wake Forest 0
BOTTOM OF THE 1ST
Wake Forest Demon Deacons batting - Pitching for Florida Gators : RHP Andy Carter
Pitching: RHP Andy Carter
Batting: RHB Tyler Robinson 0-0: Ball
1-0: Called Strike
1-1: Foul Ball, location: 2F
1-2: Ball
2-2: Fly out, F8 (Flyball, 8LM)
Batting: RHB Daniel Dillard 0-0: Swinging Strike
0-1: Foul Ball, location: 2F
0-2: Strikes out looking
Batting: LHB Dax Valdéz 0-0: Ball
1-0: Foul Ball, location: 2F
1-1: Swinging Strike
1-2: Foul Ball, location: 2F
1-2: Foul Ball, location: 2F
1-2: SINGLE (Groundball, 34) (infield hit)
Batting: RHB Terry Griffin 0-0: Called Strike
0-1: Ball
1-1: Called Strike
1-2: Fly out, F2 (Popup, 25)
Bottom of the 1st over - 0 run(s), 1 hit(s), 0 error(s), 1 left on base; Florida 0 - Wake Forest 0
TOP OF THE 2ND
Florida Gators batting - Pitching for Wake Forest Demon Deacons : RHP Lloyd Jones
Batting: RHB Jon Newsome 0-0: Called Strike
0-1: Foul Ball, location: 2F
0-2: Ball
1-2: Ground out 1-3 (Groundball, 13)
Batting: LHB Juan Salas 0-0: Ball
1-0: SINGLE (Line Drive, 78M)
Batting: RHB Shayne Garneau 0-0: Ball
1-0: Foul Ball, location: 2F
1-1: Ball
2-1: Ball
3-1: Base on Balls
Juan Salas to second
Batting: SHB Ethan Finley 0-0: SINGLE (Groundball, 34D)
Juan Salas to third
Shayne Garneau to second
Runner from 3rd tries for Home, SAFE, throw made home
Shayne Garneau to third
Ethan Finley to second
Batting: RHB Tom Robinson 0-0: Ball
1-0: Ball
2-0: Ball
3-0: Foul Ball, location: 2F
3-1: Hit by Pitch
Batting: RHB Nathan Sullivan 0-0: Foul Ball, location: 2F
0-1: DOUBLE (Groundball, 5L)
Shayne Garneau scores
Ethan Finley scores
Tom Robinson to third
Batting: RHB Norman Hopkins 0-0: Foul Ball, location: 2F
0-1: Ball
1-1: Foul Ball, location: 2F
1-2: Strikes out swinging
Batting: LHB Bruce Shelton 0-0: Called Strike
0-1: Ball
1-1: Ground out 4-3 (Groundball, 4S)
Top of the 2nd over - 3 run(s), 3 hit(s), 0 error(s), 2 left on base; Florida 3 - Wake Forest 0
BOTTOM OF THE 2ND
Wake Forest Demon Deacons batting - Pitching for Florida Gators : RHP Andy Carter
Batting: RHB William Allen 0-0: Called Strike
0-1: Ball
1-1: Fly out, F6 (Popup, 6S)
Batting: LHB Gregory Pérez 0-0: Called Strike
0-1: Ball
1-1: Foul Ball, location: 2F
1-2: Ball
2-2: TRIPLE (Line Drive, 7LS)
Batting: RHB Tim Guerrero 0-0: Ball
1-0: SINGLE (Flyball, 89S)
Gregory Pérez scores
Batting: RHB Felipe Costa 0-0: Swinging Strike
0-1: Ball
1-1: Ground out 4-3 (Groundball, 4MD)
Tim Guerrero to second
Batting: RHB Roger Blair 0-0: SINGLE (Flyball, 9LS)
Tim Guerrero to third
Runner from 3rd tries for Home, SAFE, no throw
Batting: RHB Tyler Robinson 0-0: Ball
1-0: Ball
Roger Blair is caught stealing 2nd base
Bottom of the 2nd over - 2 run(s), 3 hit(s), 0 error(s), 0 left on base; Florida 3 - Wake Forest 2
TOP OF THE 3RD
Florida Gators batting - Pitching for Wake Forest Demon Deacons : RHP Lloyd Jones
Batting: RHB Luis Morales 0-0: Ground out 6-3 (Groundball, 56)
Batting: RHB Jon Newsome 0-0: Ball
1-0: Ball
2-0: Called Strike
2-1: Ball
3-1: Called Strike
3-2: Strikes out looking
Batting: LHB Juan Salas 0-0: Called Strike
0-1: Ball
1-1: Ball
2-1: Ball
3-1: Ground out 4-3 (Groundball, 4)
Top of the 3rd over - 0 run(s), 0 hit(s), 0 error(s), 0 left on base; Florida 3 - Wake Forest 2
BOTTOM OF THE 3RD
Wake Forest Demon Deacons batting - Pitching for Florida Gators : RHP Andy Carter
Batting: RHB Tyler Robinson 0-0: Ball
1-0: Ball
2-0: Ball
3-0: Called Strike
3-1: Ground out 6-3 (Groundball, 6)
Batting: RHB Daniel Dillard 0-0: Ball
1-0: SINGLE (Groundball, 56D)
Batting: LHB Dax Valdéz 0-0: Ball
1-0: Called Strike
1-1: Ball
2-1: Swinging Strike
2-2: Foul Ball, location: 2F
2-2: Ball
3-2: Base on Balls
Daniel Dillard to second
Batting: RHB Terry Griffin 0-0: Called Strike
0-1: Called Strike
0-2: Fly out, F9 (Flyball, 89M)
Batting: RHB William Allen 0-0: Called Strike
0-1: Called Strike
0-2: Foul Ball, location: 2F
0-2: Ball
1-2: Ball
2-2: Ball
3-2: Foul Ball, location: 2F
3-2: Base on Balls
Daniel Dillard to third
Dax Valdéz to second
Batting: LHB Gregory Pérez 0-0: Ball
1-0: Ball
2-0: Foul Ball, location: 2F
2-1: Ball
3-1: Called Strike
3-2: Base on Balls
Daniel Dillard scores
Dax Valdéz to third
William Allen to second
Batting: RHB Tim Guerrero 0-0: Called Strike
0-1: Ball
Wild Pitch!
Dax Valdéz scores
William Allen to third
Gregory Pérez to second
1-1: Ball
2-1: Foul Ball, location: 2F
2-2: Ball
3-2: Strikes out swinging
Bottom of the 3rd over - 2 run(s), 1 hit(s), 0 error(s), 2 left on base; Florida 3 - Wake Forest 4
TOP OF THE 4TH
Florida Gators batting - Pitching for Wake Forest Demon Deacons : RHP Lloyd Jones
Batting: RHB Shayne Garneau 0-0: Foul Ball, location: 2F
0-1: Ball
1-1: Swinging Strike
1-2: Ball
2-2: Strikes out swinging
Batting: SHB Ethan Finley 0-0: Foul Ball, location: 2F
0-1: SINGLE (Flyball, 8RS)
Batting: RHB Tom Robinson 0-0: Called Strike
0-1: Fly out, F7 (Flyball, 78M)
Batting: RHB Nathan Sullivan 0-0: Ball
1-0: TRIPLE (Line Drive, 78M)
Ethan Finley scores
Batting: RHB Norman Hopkins 0-0: Swinging Strike
0-1: Ball
1-1: Ball
2-1: Called Strike
2-2: Strikes out swinging
Top of the 4th over - 1 run(s), 2 hit(s), 0 error(s), 1 left on base; Florida 4 - Wake Forest 4
BOTTOM OF THE 4TH
Wake Forest Demon Deacons batting - Pitching for Florida Gators : RHP Andy Carter
Batting: RHB Felipe Costa 0-0: Ball
1-0: Ball
2-0: Called Strike
2-1: Swinging Strike
2-2: Strikes out swinging, 2-3 out at first.
Batting: RHB Roger Blair 0-0: Ball
1-0: Called Strike
1-1: Foul Ball, location: 2F
1-2: Ball
2-2: Ball
3-2: Foul Ball, location: 2F
3-2: Foul Ball, location: 2F
3-2: Fly out, F1 (Line Drive, 15S)
Batting: RHB Tyler Robinson 0-0: Ball
1-0: Ball
2-0: Ball
3-0: Base on Balls
Pitching: RHP Arturo Díaz
Batting: RHB Daniel Dillard 0-0: Ball
1-0: Fielders Choice at 2nd, 6-4 (Groundball, 6)
Bottom of the 4th over - 0 run(s), 0 hit(s), 0 error(s), 0 left on base; Florida 4 - Wake Forest 4
TOP OF THE 5TH
Florida Gators batting - Pitching for Wake Forest Demon Deacons : RHP Lloyd Jones
Batting: LHB Bruce Shelton 0-0: Called Strike
0-1: Foul Ball, location: 2F
0-2: Strikes out swinging
Batting: RHB Luis Morales 0-0: Ground out 5-3 (Groundball, 5L)
Batting: RHB Jon Newsome 0-0: Called Strike
0-1: Foul Ball, location: 2F
0-2: Strikes out swinging
Top of the 5th over - 0 run(s), 0 hit(s), 0 error(s), 0 left on base; Florida 4 - Wake Forest 4
BOTTOM OF THE 5TH
Wake Forest Demon Deacons batting - Pitching for Florida Gators : RHP Arturo Díaz
Batting: LHB Dax Valdéz 0-0: Called Strike
0-1: Foul Ball, location: 2F
0-2: Ball
1-2: Ball
2-2: DOUBLE (Line Drive, 9LM)
Batting: RHB Terry Griffin 0-0: Ground out 4-3 (Groundball, 4)
Dax Valdéz to third
Batting: RHB William Allen 0-0: Fly out, F5 (Popup, 5L)
Batting: LHB Gregory Pérez 0-0: Foul Ball, location: 2F
0-1: SINGLE (Groundball, 5D)
Dax Valdéz scores
Batting: RHB Tim Guerrero 0-0: Called Strike
Gregory Pérez steals 2nd base
0-1: Ball
1-1: Ball
2-1: Ground out 6-3 (Groundball, 6)
Bottom of the 5th over - 1 run(s), 2 hit(s), 0 error(s), 1 left on base; Florida 4 - Wake Forest 5
TOP OF THE 6TH
Florida Gators batting - Pitching for Wake Forest Demon Deacons : RHP Lloyd Jones
Batting: LHB Juan Salas 0-0: Swinging Strike
0-1: Ball
1-1: Called Strike
1-2: Foul Ball, location: 2F
1-2: Ball
2-2: Hit by Pitch
Pinch Runner at 1st Jorge Sánchez:
Batting: RHB Shayne Garneau 0-0: Ball
1-0: Ball
2-0: Ball
3-0: Called Strike
3-1: Foul Ball, location: 2F
3-2: Base on Balls
Jorge Sánchez to second
Pitching: LHP Wes Eldridge
Batting: SHB Ethan Finley 0-0: Ball
1-0: Fly out, F9 (Flyball, 9S)
Batting: RHB Tom Robinson 0-0: Ball
1-0: Ball
2-0: Ball
3-0: Called Strike
3-1: Called Strike
3-2: Strikes out swinging
Batting: RHB Nathan Sullivan 0-0: Ball
1-0: Foul Ball, location: 2F
1-1: Called Strike
1-2: Strikes out swinging
Top of the 6th over - 0 run(s), 0 hit(s), 0 error(s), 2 left on base; Florida 4 - Wake Forest 5
BOTTOM OF THE 6TH
Wake Forest Demon Deacons batting - Pitching for Florida Gators : RHP Arturo Díaz
Now in LF: Jorge Sánchez
Batting: RHB Felipe Costa 0-0: Swinging Strike
0-1: Called Strike
0-2: Ball
1-2: DOUBLE (Flyball, 78D)
Batting: RHB Roger Blair 0-0: Ball
1-0: Swinging Strike
1-1: Ball
2-1: Ball
3-1: Base on Balls
Batting: RHB Tyler Robinson 0-0: Called Strike
0-1: Ball
1-1: Called Strike
1-2: DOUBLE (Line Drive, 78D)
Felipe Costa scores
Roger Blair to third
Batting: RHB Daniel Dillard 0-0: Ball
1-0: Ground out 6-3 (Groundball, 56)
Roger Blair scores
Batting: LHB Dax Valdéz 0-0: Called Strike
0-1: Ball
1-1: Ball
2-1: Swinging Strike
2-2: Foul Ball, location: 2F
2-2: Foul Ball, location: 2F
2-2: Strikes out swinging
Batting: RHB Terry Griffin 0-0: Foul Ball, location: 2F
0-1: Reached on error, E6 (Groundball, 6)
Tyler Robinson to third
Batting: RHB William Allen 0-0: Ball
1-0: Foul Ball, location: 2F
1-1: Ball
2-1: Ball
Terry Griffin is caught stealing 2nd base
Bottom of the 6th over - 2 run(s), 2 hit(s), 1 error(s), 0 left on base; Florida 4 - Wake Forest 7
TOP OF THE 7TH
Florida Gators batting - Pitching for Wake Forest Demon Deacons : LHP Wes Eldridge
Batting: RHB Norman Hopkins 0-0: Foul Ball, location: 2F
0-1: Ball
1-1: Called Strike
1-2: Ball
2-2: Foul Ball, location: 2F
2-2: Ball
3-2: SOLO HOME RUN (Flyball, 78XD), Distance : 373 ft
Batting: LHB Bruce Shelton 0-0: Ball
1-0: Called Strike
1-1: Ground out 1-3 (Groundball, 13)
Batting: RHB Luis Morales 0-0: Called Strike
0-1: Reached on error, E6 (Groundball, 6)
Batting: RHB Jon Newsome 0-0: Called Strike
0-1: Called Strike
0-2: Foul Ball, location: 2F
0-2: Ball
1-2: Ball
2-2: Ball
3-2: Base on Balls
Luis Morales to second
Batting: LHB Jorge Sánchez 0-0: Foul Ball, location: 2F
0-1: Foul Ball, location: 2F
0-2: Strikes out looking
Batting: RHB Shayne Garneau 0-0: Ball
1-0: Ball
2-0: Ball
3-0: Base on Balls
Luis Morales to third
Jon Newsome to second
Batting: SHB Ethan Finley 0-0: Foul Ball, location: 2F
0-1: Called Strike
0-2: Ball
1-2: Strikes out swinging
Top of the 7th over - 1 run(s), 1 hit(s), 1 error(s), 3 left on base; Florida 5 - Wake Forest 7
BOTTOM OF THE 7TH
Wake Forest Demon Deacons batting - Pitching for Florida Gators : RHP Arturo Díaz
Batting: RHB William Allen 0-0: Ball
1-0: Ball
2-0: Called Strike
2-1: Ball
3-1: Fly out, F2 (Popup, 15)
Batting: LHB Gregory Pérez 0-0: Called Strike
0-1: Called Strike
0-2: Ball
1-2: Strikes out swinging
Batting: RHB Tim Guerrero 0-0: Ball
1-0: Called Strike
1-1: Swinging Strike
1-2: SINGLE (Flyball, 9LS) - OUT at second base trying to stretch hit.
Bottom of the 7th over - 0 run(s), 1 hit(s), 0 error(s), 0 left on base; Florida 5 - Wake Forest 7
TOP OF THE 8TH
Florida Gators batting - Pitching for Wake Forest Demon Deacons : LHP Wes Eldridge
Batting: RHB Tom Robinson 0-0: Foul Ball, location: 2F
0-1: Swinging Strike
0-2: Ball
1-2: SOLO HOME RUN (Flyball, 78XD), Distance : 386 ft
Pitching: RHP Juan Bustamante
Batting: RHB Nathan Sullivan 0-0: Called Strike
0-1: Ball
1-1: Foul Ball, location: 2F
1-2: Ball
2-2: Ball
3-2: Foul Ball, location: 2F
3-2: Foul Ball, location: 2F
3-2: Base on Balls
Pitching: RHP Mark Schroder
Batting: RHB Norman Hopkins 0-0: Ball
1-0: Called Strike
1-1: Foul Ball, location: 2F
1-2: Ball
2-2: Strikes out looking
Pitching: LHP John McKellar
Batting: LHB Bruce Shelton 0-0: Ball
1-0: Ball
2-0: SINGLE (Groundball, 3D)
Nathan Sullivan to second
Runner from 2nd tries for 3rd, SAFE, no throw
Pitching: RHP Carl Morris
Batting: RHB Luis Morales 0-0: Ball
1-0: DOUBLE (Line Drive, 8LD)
Nathan Sullivan scores
Bruce Shelton to third
Runner from 3rd tries for Home, SAFE, no throw
Batting: RHB Jon Newsome 0-0: Intentional Walk
Batting: LHB Jorge Sánchez 0-0: Ball
1-0: Called Strike
1-1: Swinging Strike
1-2: Ball
2-2: Ball
3-2: Grounds into double play, 4-6-3 (Groundball, 4M)
Top of the 8th over - 3 run(s), 3 hit(s), 0 error(s), 1 left on base; Florida 8 - Wake Forest 7
BOTTOM OF THE 8TH
Wake Forest Demon Deacons batting - Pitching for Florida Gators : RHP Arturo Díaz
Pitching: RHP Mike Walker
Now at C: Aurelio Hinojosa
Batting: RHB Felipe Costa 0-0: SINGLE (Line Drive, 9)
Batting: RHB Roger Blair 0-0: Ball
1-0: Ball
2-0: Fly out, F9 (Flyball, 9S)
Batting: RHB Tyler Robinson 0-0: DOUBLE (Line Drive, 78D)
Felipe Costa to third
Batting: RHB Daniel Dillard 0-0: Called Strike
0-1: Ball
1-1: Called Strike
1-2: Foul Ball, location: 2F
1-2: Foul Ball, location: 2F
1-2: Foul Ball, location: 2F
1-2: Ball
2-2: Strikes out looking
Batting: LHB Dax Valdéz 0-0: Ball
1-0: Ball
2-0: Ball
3-0: Called Strike
3-1: Called Strike
3-2: Foul Ball, location: 2F
3-2: Foul Ball, location: 2F
3-2: Foul Ball, location: 2F
3-2: Foul Ball, location: 2F
3-2: Base on Balls
Pitching: RHP Norberto Gabriel
Batting: RHB Terry Griffin 0-0: Ball
1-0: Called Strike
1-1: Fly out, F6 (Popup, 6D)
Bottom of the 8th over - 0 run(s), 2 hit(s), 0 error(s), 3 left on base; Florida 8 - Wake Forest 7
TOP OF THE 9TH
Florida Gators batting - Pitching for Wake Forest Demon Deacons : RHP Carl Morris
Pitching: RHP Ken Robinson
Batting: RHB Shayne Garneau 0-0: Ball
1-0: Foul Ball, location: 2F
1-1: Called Strike
1-2: Strikes out looking
Batting: SHB Ethan Finley 0-0: Called Strike
0-1: Ground out U3 (Groundball, 34)
Batting: RHB Tom Robinson 0-0: Ball
1-0: Called Strike
1-1: Swinging Strike
1-2: Ground out 6-3 (Groundball, 6)
Top of the 9th over - 0 run(s), 0 hit(s), 0 error(s), 0 left on base; Florida 8 - Wake Forest 7
BOTTOM OF THE 9TH
Wake Forest Demon Deacons batting - Pitching for Florida Gators : RHP Norberto Gabriel
Batting: RHB William Allen 0-0: Ball
1-0: Foul Ball, location: 2F
1-1: Swinging Strike
1-2: Strikes out swinging
Batting: LHB Gregory Pérez 0-0: Ground out 5-3 (Groundball, 56S)
Pitching: RHP Mike Owen
Batting: RHB Tim Guerrero 0-0: Ball
1-0: Ball
2-0: Ball
3-0: Base on Balls
Batting: RHB Felipe Costa 0-0: Fielders Choice at 2nd, 6-4 (Groundball, 6)
Bottom of the 9th over - 0 run(s), 0 hit(s), 0 error(s), 0 left on base; Florida 8 - Wake Forest 7
Tuesday, August 8th, 2017 - OOTP Baseball 17.12 Build 75